 Dungeon Crawl Stone Soup version 0.30-a0-534-gdc55766716 (webtiles) character file.

Game seed: 15059811217205170143

71 mandarbmax the Cutter (level 4, -1/40 HPs)
             Began as an Armataur Monk on Dec 24, 2022.
             Slain by an orc
             ... wielding a +0 mace
              (6 damage)
             ... on level 3 of the Dungeon.
             The game lasted 00:03:24 (1632 turns).

mandarbmax the Cutter (Armataur Monk)               Turns: 1632, Time: 00:03:25

Health: -1/40      AC:  4    Str: 16    XL:     4   Next: 5%
Magic:  4/4        EV: 10    Int: 11    God:
Gold:   70         SH:  0    Dex: 14    Spells: 3/3 levels left

rFire   . . .      SeeInvis .    a - +0 short sword
rCold   . . .      Faith    .    (no shield)
rNeg    . . .      Spirit   .    b - +0 robe
rPois   .          Reflect  .    (no helmet)
rElec   .          Harm     .    (no cloak)
rCorr   +          Roll     +    (no gloves)
Will    .....                    (no barding)
Stlth   ++                       (no amulet)
HPRegen 0.26/turn                m - ring of resist corrosion
MPRegen 0.09/turn                (no ring)

@: no status effects
A: large, rugged brown scales 3, deformed body, armoured tail, roll, long
tongue, awkward tongue
a: no special abilities


You were on level 3 of the Dungeon.
You visited 1 branch of the dungeon, and saw 3 of its levels.

You collected 109 gold pieces.
You spent 39 gold pieces at shops.

Inventory:

Hand Weapons
 a - a +0 short sword (weapon)
Missiles
 p - 2 atropa-tipped darts (quivered)
Armour
 b - a +0 robe (worn)
 o - a +0 cloak
 u - a +0 ring mail
Jewellery
 m - a ring of resist corrosion (left hand)
Scrolls
 f - a scroll of noise {unknown}
 i - a scroll of identify {unknown}
 j - a scroll of blinking {unknown}
 n - a scroll of enchant weapon {unknown}
 q - 3 scrolls of teleportation
 r - a scroll of amnesia {unknown}
Potions
 c - a potion of ambrosia
 d - a potion of heal wounds {unknown}
 g - 4 potions of cancellation {unknown}
 h - a potion of curing {unknown}
 k - 3 potions of might {unknown}
 l - a potion of brilliance {unknown}
 s - 2 potions of berserk rage {unknown}
 t - a potion of lignification {unknown}


   Skills:
 - Level 3.0 Fighting
 + Level 4.3 Short Blades
 - Level 2.1 Dodging
 - Level 2.1 Stealth


You had 3 spell levels left.
You didn't know any spells.
Your spell library contained the following spells:

 Spells                   Type           Power      Damage    Failure   Level
 Gell's Gravitas          Tloc           0%         N/A       71%         3
 Lesser Beckoning         Tloc           0%         N/A       71%         3
 Swiftness                Air            0%         N/A       71%         3
 Teleport Other           Tloc           0%         N/A       71%         3
 Ignition                 Fire           0%         3d3       100%        8
 Maxwell's Capacitive Co  Air            0%         ∞         100%        8


Dungeon Overview and Level Annotations

Branches:
Dungeon (3/15)

Altars:

Shops:
D:1 *


Innate Abilities, Weirdness & Mutations

You are completely covered in rugged brown scales. (AC +3, +7% HP)
Armour fits poorly on your strangely shaped body.
You have a long armoured tail.
You roll when moving toward enemies. (Rampage)
Your long tongue fully drains potion bottles. (2x potion effects)
Your tongue gives you trouble enunciating. (1.5x scroll delay)


Message History

You feel clever.
You hit the orc but do no damage. The orc hits you with a +0 hand axe.
The orc hits you with a +0 mace.
You are too injured to fight recklessly!
You are too injured to fight recklessly!
You are too injured to fight recklessly!
You are too injured to fight recklessly!
You are too injured to fight recklessly!
You are too injured to fight recklessly!
You are too injured to fight recklessly!
You are too injured to fight recklessly!
You are too injured to fight recklessly!
You are too injured to fight recklessly!
You are too injured to fight recklessly!
You are too injured to fight recklessly!
You are too injured to fight recklessly!
You are too injured to fight recklessly!
You are too injured to fight recklessly!
You closely miss the orc. You tail-slap the orc!
You kill the orc!
The orc hits you with a +0 mace. The orc hits you with a +0 mace.
Things that are here:
a +0 hand axe; a +0 scale mail You hit the orc but do no damage.
The orc hits you with a +0 mace.
* * * LOW HITPOINT WARNING * * *
You barely miss the orc. The orc hits you with a +0 mace.
* * * LOW HITPOINT WARNING * * *
You hit the orc but do no damage. You hit the orc.
The orc is moderately wounded.
The orc barely misses you.
You hit the orc but do no damage.
The orc is moderately wounded.
The orc hits you with a +0 mace.
* * * LOW HITPOINT WARNING * * *
You hit the orc.
The orc is heavily wounded.
The orc hits you with a +0 mace.
You die...

#.......##. #.# #.#.##.#
#.......##.##.#.##<.....#
.............#......####
##....#......<######.#
##.....#...)...######.#
##........)...(........#
#.............(........#
##.............(.......#
##.....#......)@o.....#
##.#.....#............##
#.###.##.#.####.(.....#
.## ##.#.....)........#
## ##....#.......#### .##
##.....#.##.####
#.###........##.#
##.#............#
##..>..(.#####.#


You could see an orc.

Vanquished Creatures
  3 worms
  A dart slug (D:2)
  2 orcs (D:3)
  3 endoplasms (D:1)
  5 giant cockroaches
  8 goblins
  3 hobgoblins
  A quokka (D:3)
  6 ball pythons
  5 bats
  3 frilled lizards (D:1)
  8 kobolds
  7 rats
55 creatures vanquished.

Vanquished Creatures (others)
  3 fungi (D:3)
  4 plants (D:3)
7 creatures vanquished.

Grand Total: 62 creatures vanquished

Notes
Turn   | Place    | Note
-------+----------+-------------------------------------------
     0 | D:1      | mandarbmax the Armataur Monk began the quest for the Orb.
     0 | D:1      | Reached XP level 1. HP: 19/19 MP: 1/1
   121 | D:1      | Reached skill level 3 in Short Blades
   126 | D:1      | Reached XP level 2. HP: 27/27 MP: 2/2
   316 | D:1      | Found Icwunaes's General Store.
   445 | D:1      | Reached XP level 3. HP: 31/33 MP: 3/3
   581 | D:1      | Got the Papyrus of Igneous Lightning
   911 | D:2      | Reached skill level 4 in Short Blades
  1424 | D:1      | Bought a scroll of teleportation for 39 gold pieces
  1624 | D:3      | Reached XP level 4. HP: 28/40 MP: 4/4
  1632 | D:3      | Slain by an orc

Illustrated notes

Levels and vault maps discovered:
D:1:      saegor_arrival_simple_c, layout_basic, serial_shops, shop
D:2:      layout_rooms
D:3:      layout_loops_cross, nzn_overflow_gifts_of_might_and_magic,
          shapermc_ecumenical_altar_rom_forum

Skill      XL: |  1  2  3 |
---------------+----------+-----
Fighting       | 3 |  3.0
Short Blades   | 3 4 |  4.3
Dodging        | |  2.1
Stealth        | |  2.1

Action                   |  1- 3 |  4- 6 || total
-------------------------+-------+-------++-------
Melee: Short sword       |   188 |     8 ||   196
       Tailslap          |    18 |     1 ||    19
Throw: Dart              |    29 |       ||    29
 Stab: Sleeping          |     7 |       ||     7
       Invisible         |     1 |       ||     1
Armor: Robe              |    45 |       ||    45
Dodge: Dodged            |    96 |     1 ||    97

Table legend: (Time is in decaauts)
 A = Elapsed time spent in this place.
 B = Non-inter-level travel time spent in this place.
 C = Inter-level travel time spent in this place.
 D = Time resting spent in this place.
 E = Time spent auto-exploring this place.
 F = Levels seen in this place.
 G = Mean time per level.
                   A        B        C        D        E       F      G
               +--------+--------+--------+--------+--------+-----+--------+
         Total |   1596 |   1448 |    148 |      0 |   1099 |   3 |  532.0 |
       Dungeon |   1596 |   1448 |    148 |      0 |   1099 |   3 |  532.0 |
               +--------+--------+--------+--------+--------+-----+--------+

Top non-repeatable levels by time:
     D:1: 761 daAuts
     D:2: 656 daAuts
     D:3: 179 daAuts
